 Dungeon Crawl Stone Soup version 0.31-a0-210-gccc998df9b (webtiles) character file.

Game seed: 16231662156439483190

577 Ofeo the Trooper (level 7, 0/62 HPs)
             Began as an Armataur Reaver on June 29, 2023.
             Succumbed to a killer bee's poison
             ... on level 7 of the Dungeon.
             The game lasted 00:08:00 (3573 turns).

Ofeo the Trooper (Armataur Reaver)                  Turns: 3573, Time: 00:08:01

Health: 0/62       AC:  9    Str: 22    XL:     7   Next: 13%
Magic:  10/10      EV:  7    Int: 13    God:
Gold:   191        SH:  0    Dex:  9    Spells: 9/10 levels left

rFire   . . .        a - +2 hand axe (vamp)
rCold   . . .        (no shield)
rNeg    . . .        l - +0 chain mail
rPois   .            (no helmet)
rElec   .            (no cloak)
rCorr   .            h - +0 pair of gloves {Str+3}
SInv    .            (no barding)
Will    .....        (no amulet) Stlth
                     (no ring)
HPRegen 0.30/turn    (no ring)
MPRegen 0.12/turn

%: roll
@: lethally poisoned (0 -> -2)
A: large, rugged brown scales 3, deformed body, armoured tail, roll, long
tongue, awkward tongue
a: no special abilities


You were on level 7 of the Dungeon.
You visited 1 branch of the dungeon, and saw 7 of its levels.

You collected 191 gold pieces.

Inventory:

Hand Weapons
 a - a +2 vampiric hand axe (weapon)
Missiles
 j - a curare-tipped dart
Armour
 b - a +0 leather armour
 h - a +0 pair of gloves of strength (worn)
 l - a +0 chain mail (worn)
Jewellery
 d - a ring of ice
Scrolls
 e - a scroll of teleportation {@r3}
 i - 8 scrolls of identify {@r1}
Potions
 c - 2 potions of invisibility
 f - 2 potions of cancellation
 g - a potion of resistance {@q6}
 k - a potion of mutation
 m - a potion of haste {@q3}
 n - a potion of might {@q4}


   Skills:
 + Level 3.9 Fighting
 - Level 3.7 Axes
 + Level 3.8 Armour
 + Level 3.2 Dodging
 - Level 2.1 Spellcasting
 - Level 3.0 Conjurations


You had 9 spell levels left.
You knew the following spells:

 Your Spells              Type           Power      Damage    Failure   Level
a - Kiss of Death         Conj/Necr      20%        2d7       65%         1

Your spell library contained the following spells:

 Spells                   Type           Power      Damage    Failure   Level
 Momentum Strike          Conj/Tloc      10%        3d8       78%         2
 Beastly Appendage        Tmut           2%         N/A       85%         1
 Wereblood                Tmut           1%         N/A       94%         2
 Hailstorm                Conj/Ice       5%         3d4       95%         3
 Call Canine Familiar     Summ           1%         N/A       99%         3
 Spider Form              Tmut/Pois      1%         N/A       99%         3
 Summon Lightning Spire   Summ/Air       1%         N/A       100%        4


Dungeon Overview and Level Annotations

Branches:
Dungeon (8/15)
 Temple: D:4-7         Lair: D:8-11

Altars:
Ashenzari
Nemelex Xobeh


Innate Abilities, Weirdness & Mutations

You are completely covered in rugged brown scales. (AC +3, +7% HP)
Armour fits poorly on your strangely shaped body.
You have a long armoured tail.
You roll when moving toward enemies. (Rampage)
Your long tongue fully drains potion bottles. (2x potion effects)
Your tongue gives you trouble enunciating. (1.5x scroll delay)


Message History

The killer bee stings you but does no damage.
The killer bee stings you.
You are more poisoned.
The killer bee poisons you!
You take 7 damage, and have 19/62 hp.
You closely miss the killer bee.
The killer bee is almost dead.
You feel very sick. The killer bee barely misses you.
The killer bee stings you!
* * * LOW HITPOINT WARNING * * *
You take 10 damage, and have 9/62 hp.
You closely miss the killer bee.
The killer bee is almost dead.
You feel sick. The killer bee stings you.
* * * LOW HITPOINT WARNING * * *
The killer bee barely misses you.
You take 2 damage, and have 7/62 hp.
Okay, then.
You aren't carrying any items that you can evoke.
Okay, then.
Okay, then.
You hit the killer bee but do no damage.
The killer bee is almost dead.
* * * LOW HITPOINT WARNING * * *
You feel sick. The killer bee barely misses you. The killer bee stings you.
* * * LOW HITPOINT WARNING * * *
The killer bee barely misses you.
You take 3 damage, and have 4/62 hp.
You hit the killer bee.
You feel better.
You kill the killer bee!
You feel sick.
You hit the orc.
The orc is almost dead.
You feel sick. The orc hits you with a +0 hand axe.
* * * LOW HITPOINT WARNING * * *
You take 4 damage, and have 1/62 hp.
You hit the orc but do no damage.
You tail-slap the orc, but do no damage.
The orc is almost dead.
You die...

#..#......)#.######
......._..)))....<#
.
##.#......)#.#.####
.. #.#.......#.#.#
... #.##.....##.#.#
..##.####.####.#.# .
.................#
....##.##.##########
.......o@.#
.......#### .......
....... .......
....... .......
#######


You could see an orc.

Vanquished Creatures
  An ice beast (D:7)
  A bullfrog (D:7)
  A kobold brigand (D:7)
  A scorpion (D:4)
  A killer bee (D:7)
  A jelly (D:6)
  A hound (D:6)
  2 iguanas
  7 adders
  A worm (D:2)
  A dart slug (D:1)
  5 orcs
  2 bats
  5 endoplasms
  2 giant cockroaches
  10 goblins
  8 hobgoblins
  10 kobolds
  3 quokkas
  2 ball pythons (D:3)
  2 frilled lizards (D:3)
  4 rats
71 creatures vanquished.

Notes
Turn   | Place    | Note
-------+----------+-------------------------------------------
     0 | D:1      | Ofeo the Armataur Reaver began the quest for the Orb.
     0 | D:1      | Reached XP level 1. HP: 18/18 MP: 3/3
   239 | D:1      | Reached XP level 2. HP: 21/25 MP: 4/4
   762 | D:1      | Found a faded altar of an unknown god.
  1236 | D:2      | Reached XP level 3. HP: 12/31 MP: 6/6
  1416 | D:2      | Identified a scroll of acquirement
  1416 | D:2      | Acquired a +0 pair of gloves of strength
  1894 | D:3      | Reached XP level 4. HP: 37/39 MP: 7/7
  1905 | D:3      | Got the Discursus on Called Exhumation
  2332 | D:3      | Reached skill level 1 in Armour
  2509 | D:3      | Found a sparkling altar of Nemelex Xobeh.
  2637 | D:4      | Reached XP level 5. HP: 44/44 MP: 8/8
  2865 | D:4      | You fall into a shaft and drop 3 floors!
  2892 | D:7      | Noticed an ice beast
  2902 | D:7      | Killed an ice beast
  2903 | D:7      | Reached XP level 6. HP: 41/54 MP: 9/9
  2968 | D:8      | Noticed an unseen horror simulacrum
  3007 | D:7      | Noticed a water moccasin
  3359 | D:7      | Found a broken altar of Ashenzari.
  3392 | D:7      | Reached XP level 7. HP: 20/62 MP: 10/10
  3572 | D:7      | HP: 1/62 [orc/+0 hand axe (4)]
  3573 | D:7      | Succumbed to a killer bee's poison

Illustrated notes

Levels and vault maps discovered:
D:1:      dpeg_arrival_boxorama, layout_basic,
          hellmonk_ecumenical_altar_prayer_group, serial_bayou_pond_a
D:2:      layout_basic, kennysheep_potato
D:3:      layout_basic, mainiacjoe_overflow_alcove_2, minmay_pentangle
D:4:      layout_loops_ring
D:6:      layout_rooms, chequers_temple_overflow_statue_of_worship
D:7:      layout_basic, old_standard_altar, fedhas_altar_4,
          gammafunk_ghost_necromancy, minmay_misc_feat_rows
D:8:      layout_basic, kennysheep_mini_moat, serial_ice, serial_ice_c,
          serial_ice_d, serial_ice_g, serial_ice_m

Skill      XL: |  1  2  3  4  5  6 |
---------------+-------------------+-----
Fighting       | 2 3 |  3.9
Spellcasting   | 2 |  2.1
Conjurations   | 3 |  3.0
Dodging        | 2 3 |  3.2
Axes           | 3 |  3.7
Armour         | 1 2 3 |  3.8

Action                     |  1- 3 |  4- 6 |  7- 9 || total
---------------------------+-------+-------+-------++-------
  Melee: Hand axe          |   129 |   153 |    19 ||   301
         Tailslap          |     9 |    16 |     1 ||    26
         Punch             |       |     1 |       ||     1
    Use: Scroll            |     7 |    10 |       ||    17
         Potion            |     1 |     1 |       ||     2
 Armour: Leather armour    |     9 |       |       ||     9
         Chain mail        |    56 |   103 |    13 ||   172
  Dodge: Dodged            |    50 |    55 |    14 ||   119

Table legend: (Time is in decaauts)
 A = Elapsed time spent in this place.
 B = Non-inter-level travel time spent in this place.
 C = Inter-level travel time spent in this place.
 D = Time resting spent in this place.
 E = Time spent auto-exploring this place.
 F = Levels seen in this place.
 G = Mean time per level.
                   A        B        C        D        E       F      G
               +--------+--------+--------+--------+--------+-----+--------+
         Total |   3613 |   3526 |     87 |    731 |   1975 |   7 |  516.1 |
       Dungeon |   3613 |   3526 |     87 |    731 |   1975 |   7 |  516.1 |
               +--------+--------+--------+--------+--------+-----+--------+

Top non-repeatable levels by time:
     D:2: 1044 daAuts
     D:1: 860 daAuts
     D:3: 763 daAuts
     D:7: 594 daAuts
     D:4: 239 daAuts
     D:6: 109 daAuts
     D:8: 1 daAuts
